[Event "ICC tourney 2148 (70 10)"]
[Site "Internet Chess Club"]
[Date "2020.11.22"]
[Round "6"]
[White "pintormjajeff"]
[Black "srm2010"]
[Result "1-0"]
[ICCResult "Black checkmated"]
[WhiteElo "895"]
[BlackElo "446"]
[Opening "French defense"]
[ECO "C00"]
[NIC "FR.01"]
[Time "19:31:28"]
[TimeControl "4200+10"]

1. e4 e6 2. Nc3 Bb4 3. Nf3 Bxc3 4. dxc3 Nf6 5. Bd3 Nc6 6. O-O d6 7. Re1 Ne5
8. Nxe5 dxe5 9. Bb5+ c6 10. Bd3 O-O 11. Bg5 Re8 12. Qf3 c5 13. Rad1 Bd7 14.
Bb5 Bxb5 15. Rxd8 Raxd8 16. Bxf6 Rd6 17. Qg4 Red8 18. h3 Kf8 19. Qxg7+ Ke8
20. Qg8+ Kd7 21. Qxf7+ Kc8 22. Bxd8 Rxd8 23. Qxe6+ Bd7 24. Qxe5 b6 25. Rd1
Re8 26. Qd5 Be6 27. Qc6+ Kb8 28. Qxe8+ Kc7 29. Qxe6 b5 30. Rd7+ Kc8 31. Qe8#
{Black checkmated}
1-0

[Event "ICC tourney 2148 (70 10)"]
[Site "Internet Chess Club"]
[Date "2020.11.22"]
[Round "6"]
[White "summivj"]
[Black "nocturnalplayz"]
[Result "1-0"]
[ICCResult "Black checkmated"]
[WhiteElo "164"]
[BlackElo "888"]
[Opening "King's knight's gambit"]
[ECO "C34"]
[NIC "KG.02"]
[Time "19:31:18"]
[TimeControl "4200+10"]

1. e4 e5 2. f4 exf4 3. Nf3 Nc6 4. d4 Nf6 5. e5 Nd5 6. c4 Nb6 7. d5 Nxe5 8.
Nxe5 Qh4+ 9. Ke2 Qe7 10. Kf3 Qxe5 11. Bd3 Bc5 12. Re1 Be3 13. Bxe3 Qxd5+ 14.
cxd5 O-O 15. Bxb6 axb6 16. Qc2 g6 17. Qxc7 Kg7 18. Qe5+ Kg8 19. Qg5 d6 20.
Qh6 Bd7 21. Re7 Rad8 22. Bxg6 hxg6 23. Nc3 b5 24. Ne4 Bf5 25. Nf6#
{Black checkmated}
1-0

[Event "ICC tourney 2148 (70 10)"]
[Site "Internet Chess Club"]
[Date "2020.11.22"]
[Round "6"]
[White "Phineashrad"]
[Black "jorgestgo"]
[Result "0-1"]
[ICCResult "White checkmated"]
[WhiteElo "973"]
[BlackElo "134"]
[Opening "Sicilian: closed, 2...Nc6"]
[ECO "B23"]
[NIC "SI.44"]
[Time "19:32:10"]
[TimeControl "4200+10"]

1. e4 c5 2. Nc3 Nc6 3. Nf3 g6 4. Bc4 Bg7 5. d3 e6 6. Be3 Qa5 7. Bd2 Nge7 8.
Nd5 Qd8 9. Nxe7 Qxe7 10. Rb1 d5 11. Bb5 dxe4 12. Bxc6+ bxc6 13. dxe4 Ba6 14.
Be3 O-O 15. Qd2 Rad8 16. Qa5 Bb5 17. Qxa7 Qxa7 18. b4 Qxa2 19. Rc1 Qb2 20.
c3 Qe2# {White checkmated} 0-1

[Event "ICC tourney 2148 (70 10)"]
[Site "Internet Chess Club"]
[Date "2020.11.22"]
[Round "6"]
[White "Maximusiv"]
[Black "smalugu"]
[Result "1-0"]
[ICCResult "Black checkmated"]
[WhiteElo "1048"]
[BlackElo "789"]
[Opening "Evans gambit"]
[ECO "C51"]
[NIC "IG.05"]
[Time "19:32:10"]
[TimeControl "4200+10"]

1. e4 e5 2. Nf3 Nc6 3. Bc4 Bc5 4. b4 Bxb4 5. c3 Bc5 6. d4 exd4 7. O-O dxc3
8. Bxf7+ Kxf7 9. Qd5+ Ke8 10. Qxc5 c2 11. Qxc2 Qf6 12. Bb2 Qe7 13. Nc3 Nf6
14. e5 Nxe5 15. Nxe5 Qxe5 16. Rfe1 Ne4 17. Rxe4 Qxe4 18. Qxe4+ Kd8 19. Re1
Re8 20. Qxe8# {Black checkmated} 1-0

[Event "ICC tourney 2148 (70 10)"]
[Site "Internet Chess Club"]
[Date "2020.11.22"]
[Round "6"]
[White "Aarav10"]
[Black "hollydood"]
[Result "0-1"]
[ICCResult "White checkmated"]
[WhiteElo "265"]
[BlackElo "715"]
[Opening "Caro-Kann defense"]
[ECO "B10"]
[NIC "CK.01"]
[Time "19:32:10"]
[TimeControl "4200+10"]

1. e4 c6 2. Nf3 d5 3. exd5 cxd5 4. d4 Nc6 5. Nc3 Nf6 6. Bg5 Bf5 7. Bxf6 exf6
8. Bd3 Bxd3 9. cxd3 Bd6 10. O-O O-O 11. Nxd5 Bf4 12. Nxf4 Nxd4 13. Nxd4 Qxd4
14. Ne2 Qxb2 15. Re1 b6 16. Qb1 Qa3 17. Qb3 Qd6 18. Rac1 Rfe8 19. Ng3 Red8
20. Rcd1 Re8 21. Rxe8+ Rxe8 22. h3 h5 23. Nxh5 g6 24. Ng3 a6 25. Ne2 Rxe2
26. Qa3 Qxa3 27. d4 Qxa2 28. d5 Rxf2 29. d6 Rxg2+ 30. Kh1 Rh2+ 31. Kg1 Qg2#
{White checkmated}
0-1

[Event "ICC tourney 2148 (70 10)"]
[Site "Internet Chess Club"]
[Date "2020.11.22"]
[Round "6"]
[White "kavya204029han"]
[Black "shawnchicken"]
[Result "0-1"]
[ICCResult "White checkmated"]
[WhiteElo "846"]
[BlackElo "1300"]
[Opening "Ruy Lopez: Berlin defense, open variation"]
[ECO "C67"]
[NIC "RL.07"]
[Time "19:31:41"]
[TimeControl "4200+10"]

1. e4 e5 2. Nf3 Nc6 3. Bb5 Nf6 4. O-O Nxe4 5. d4 Nd6 6. Bxc6 dxc6 7. dxe5
Nf5 8. Qxd8+ Kxd8 9. Bg5+ Be7 10. Bxe7+ Kxe7 11. Nc3 Re8 12. Rad1 Kf8 13.
Rd2 b6 14. Rfd1 Bb7 15. Rd7 Re7 16. Rd8+ Re8 17. Rxa8 Rxa8 18. Rd7 Rc8 19.
h3 Ke8 20. Rd2 c5 21. Nb5 Bxf3 22. gxf3 a6 23. Na7 Ra8 24. Nc6 Ne7 25. Nxe7
Kxe7 26. f4 Re8 27. f5 Kf8 28. Rd7 Rxe5 29. Rxc7 Rxf5 30. Ra7 a5 31. Ra6 Rf6
32. Kg2 Ke7 33. f3 Rd6 34. Kf2 Ke6 35. Ke3 Rc6 36. Ke4 f5+ 37. Ke3 g5 38.
Ra7 h6 39. Rh7 Kd5 40. Rd7+ Rd6 41. Rxd6+ Kxd6 42. f4 Kd5 43. b3 b5 44. fxg5
hxg5 45. c3 c4 46. Kf3 cxb3 47. axb3 a4 48. bxa4 bxa4 49. Kg3 a3 50. h4
gxh4+ 51. Kxh4 a2 52. Kg5 a1=Q 53. Kxf5 Qxc3 54. Kf4 Qd4+ 55. Kf5 Qe4+ 56.
Kf6 Qe5+ 57. Kg6 Ke6 58. Kh6 Kf7 59. Kh7 Qh5# {White checkmated} 0-1

[Event "ICC tourney 2148 (70 10)"]
[Site "Internet Chess Club"]
[Date "2020.11.22"]
[Round "6"]
[White "RaphyL"]
[Black "gcogan"]
[Result "1-0"]
[ICCResult "Black checkmated"]
[WhiteElo "1057"]
[BlackElo "118"]
[Opening "Giuoco Piano"]
[ECO "C50"]
[NIC "IG.02"]
[Time "19:31:17"]
[TimeControl "4200+10"]

1. e4 e5 2. Nf3 Nc6 3. Bc4 Bc5 4. O-O Nf6 5. Re1 O-O 6. c3 a6 7. d4 exd4 8.
Nxd4 Nxd4 9. cxd4 Ba7 10. Nc3 c5 11. d5 b5 12. Bf1 c4 13. Be3 Bb8 14. f3 Qc7
15. g3 Ba7 16. Bg2 Bb6 17. Kh1 Qa7 18. Qd2 Bxe3 19. Qxe3 Qxe3 20. Rxe3 b4
21. Na4 a5 22. Nb6 Rb8 23. Nxc4 Ba6 24. Nxa5 d6 25. Bf1 Bxf1 26. Rxf1 Ra8
27. Nc6 Rxa2 28. Re2 b3 29. Nd4 Rb8 30. Rc1 h6 31. Nc6 Rc8 32. Ne7+ Kf8 33.
Nxc8 g5 34. Re3 Rxb2 35. Nxd6 Ke7 36. Nc4 Ra2 37. Rxb3 Ra8 38. d6+ Kd7 39.
Nb6+ Ke8 40. Nxa8 Kf8 41. Rd1 Ke8 42. d7+ Kd8 43. Rb8+ Ke7 44. d8=Q+ Ke6 45.
Rb6+ Ke5 46. Qxf6# {Black checkmated} 1-0

[Event "ICC tourney 2148 (70 10)"]
[Site "Internet Chess Club"]
[Date "2020.11.22"]
[Round "6"]
[White "JCJ2018"]
[Black "jonathanxu"]
[Result "0-1"]
[ICCResult "White checkmated"]
[WhiteElo "1029"]
[BlackElo "751"]
[Opening "Petrov's defense"]
[ECO "C42"]
[NIC "RG.03"]
[Time "19:31:17"]
[TimeControl "4200+10"]

1. e4 e5 2. Nf3 Nf6 3. Nxe5 Nc6 4. Nxc6 dxc6 5. Nc3 Bc5 6. Bc4 Qd6 7. Qe2
Ng4 8. h3 Nxf2 9. Rf1 O-O 10. Rxf2 Qg3 11. Kf1 Qh2 12. b4 Qh1#
{White checkmated}
0-1

[Event "ICC tourney 2148 (70 10)"]
[Site "Internet Chess Club"]
[Date "2020.11.22"]
[Round "6"]
[White "Tanvi02"]
[Black "funstyle"]
[Result "0-1"]
[ICCResult "White checkmated"]
[WhiteElo "814"]
[BlackElo "1052"]
[Opening "French defense"]
[ECO "C00"]
[NIC "FR.01"]
[Time "19:32:10"]
[TimeControl "4200+10"]

1. e4 e6 2. Nf3 d5 3. exd5 exd5 4. d4 Nf6 5. Nc3 Bf5 6. Bf4 Bd6 7. Bg5 O-O
8. Nxd5 Re8+ 9. Be2 Nbd7 10. O-O c6 11. Nxf6+ Nxf6 12. Bxf6 Qxf6 13. Re1 Qg6
14. g3 Bh3 15. Bd3 Qf6 16. Rxe8+ Rxe8 17. Bf1 Bg4 18. Be2 Re7 19. Ne5 Bxe2
20. Qxe2 Bxe5 21. dxe5 Rxe5 22. Qd3 Qe7 23. Rd1 Rd5 24. Qf3 Rxd1+ 25. Qxd1
h6 26. b4 Qxb4 27. Qd8+ Kh7 28. Qa8 Qb6 29. Qe8 Qc7 30. Qe4+ g6 31. f4 Qb6+
32. Kg2 Qc5 33. Kh3 Qf5+ 34. Qxf5 gxf5 35. g4 fxg4+ 36. Kxg4 b5 37. Kf3 Kg6
38. Ke4 a5 39. Kd4 Kf5 40. Kc5 Kxf4 41. Kxc6 Ke3 42. Kxb5 f5 43. Kxa5 f4 44.
Kb4 f3 45. Kc3 f2 46. a4 f1=Q 47. a5 Qa6 48. Kb4 Kd2 49. c4 Qb7+ 50. Kc5 Kd3
51. h4 h5 52. a6 Qxa6 53. Kd5 Qxc4+ 54. Ke5 Qxh4 55. Kf5 Qg4+ 56. Ke5 Qg6
57. Kd5 Qf6 58. Kc5 Qe6 59. Kb5 Qd6 60. Ka5 Qb8 61. Ka4 Kc4 62. Ka5 Qb5#
{White checkmated}
0-1

[Event "ICC tourney 2148 (70 10)"]
[Site "Internet Chess Club"]
[Date "2020.11.22"]
[Round "6"]
[White "adichi"]
[Black "Onestepahead9"]
[Result "1-0"]
[ICCResult "Black checkmated"]
[WhiteElo "944"]
[BlackElo "690"]
[Opening "Queen's pawn, Mason variation, Steinitz counter-gambit"]
[ECO "D00"]
[NIC "QP.08"]
[Time "19:31:44"]
[TimeControl "4200+10"]

1. d4 d5 2. Bf4 c5 3. e3 Nc6 4. c3 Qb6 5. Qc2 Nf6 6. Nf3 cxd4 7. exd4 g6 8.
Nbd2 Bf5 9. Qc1 e5 10. Nxe5 Nxe5 11. Bxe5 Bg7 12. Nf3 O-O 13. Be2 Rfe8 14.
O-O Ne4 15. Bd3 Bxe5 16. Nxe5 Qd6 17. Nf3 Rac8 18. Re1 b5 19. Qc2 Qe6 20.
Qd1 Bh3 21. gxh3 Qxh3 22. Rf1 Qg4+ 23. Kh1 Ng5 24. Nxg5 Qxg5 25. Rg1 Qf6 26.
Rf1 Re6 27. Be2 Re4 28. Qd2 Rh4 29. Qe3 Qd6 30. Qg3 Re4 31. Qxd6 Rxe2 32.
Rae1 Rxb2 33. Qd7 Rf8 34. Re8 Rxa2 35. Rxf8+ Kxf8 36. Re1 Kg7 37. Kg2 Kh6
38. Re3 Kg5 39. Rg3+ Kh6 40. Qe8 a5 41. Qf8+ Kh5 42. Qg7 a4 43. Qxh7#
{Black checkmated}
1-0

[Event "ICC tourney 2148 (70 10)"]
[Site "Internet Chess Club"]
[Date "2020.11.22"]
[Round "6"]
[White "RahulPeesa"]
[Black "yesiwillbeatyou"]
[Result "1-0"]
[ICCResult "Black checkmated"]
[WhiteElo "1251"]
[BlackElo "223"]
[Opening "Queen's pawn"]
[ECO "A40"]
[NIC "QO.17"]
[Time "19:31:43"]
[TimeControl "4200+10"]

1. d4 e6 2. Bf4 c5 3. c3 Nc6 4. e3 Nf6 5. Nf3 Qb6 6. Qb3 Be7 7. h3 O-O 8.
Bd3 d5 9. Nbd2 Re8 10. O-O c4 11. Qxb6 axb6 12. Bc2 b5 13. Ne5 Bd7 14. Ndf3
b4 15. Rfe1 b3 16. axb3 Rxa1 17. Rxa1 b5 18. bxc4 bxc4 19. b4 cxb3 20. Bxb3
Rd8 21. c4 Ne4 22. cxd5 exd5 23. Bxd5 Nxe5 24. Nxe5 Nd6 25. Ra7 Be6 26. Bxe6
fxe6 27. Rxe7 Rc8 28. Rxe6 Rc1+ 29. Kh2 Ne4 30. Re8# {Black checkmated} 1-0

[Event "ICC tourney 2148 (70 10)"]
[Site "Internet Chess Club"]
[Date "2020.11.22"]
[Round "6"]
[White "chessfidebullet"]
[Black "CommanderWolffe"]
[Result "1-0"]
[ICCResult "Black checkmated"]
[WhiteElo "1257"]
[BlackElo "1079"]
[Opening "Sicilian: Canal-Sokolsky attack, 3...Bd7"]
[ECO "B52"]
[NIC "SI.01"]
[Time "19:31:24"]
[TimeControl "4200+10"]

1. e4 c5 2. Nf3 d6 3. Bb5+ Bd7 4. a4 a6 5. Bxd7+ Qxd7 6. c3 Nf6 7. d3 g6 8.
b4 Bg7 9. Ba3 Ng4 10. bxc5 Bxc3+ 11. Nxc3 dxc5 12. Bxc5 O-O 13. Bd4 Nc6 14.
Ne2 Nxd4 15. Nexd4 e5 16. Nc2 b5 17. O-O bxa4 18. Ne3 Nf6 19. Nc4 Rfe8 20.
Nb6 Qd6 21. Nxa8 Rxa8 22. Qxa4 Qxd3 23. Rfe1 Ng4 24. h3 Nf6 25. Nxe5 Qc3 26.
Qc6 Qxe5 27. Qxa8+ Kg7 28. Rxa6 Qc3 29. Raa1 Nh5 30. Rec1 Qb2 31. Rc8 Nf6
32. Rh8 Nd7 33. Qg8+ Kf6 34. Qd8+ Kg7 35. Rg8+ Kh6 36. Qh4# {Black
checkmated} 1-0

[Event "ICC tourney 2148 (70 10)"]
[Site "Internet Chess Club"]
[Date "2020.11.22"]
[Round "6"]
[White "AshikaN"]
[Black "ryc2009"]
[Result "1-0"]
[ICCResult "Black resigns"]
[WhiteElo "906"]
[BlackElo "641"]
[Opening "Giuoco Pianissimo: Italian four knights variation"]
[ECO "C50"]
[NIC "IG.02"]
[Time "19:31:28"]
[TimeControl "4200+10"]

1. e4 e5 2. Nf3 Nc6 3. Bc4 Bc5 4. Nc3 Nf6 5. d3 h6 6. a3 O-O 7. O-O d6 8. b4
Bb6 9. b5 Nd4 10. h3 Be6 11. Be3 Nxf3+ 12. Qxf3 Bxc4 13. dxc4 Bxe3 14. fxe3
Qd7 15. Nd5 Nxd5 16. exd5 Rae8 17. e4 c6 18. dxc6 bxc6 19. bxc6 Qxc6 20. Qd3
Qc5+ 21. Rf2 Re6 22. Qd5 Qb6 23. a4 Rf6 24. Rf1 Rxf2 25. Rxf2 Qb1+ 26. Rf1
Qxc2 27. Qxd6 Qxc4 28. Qxe5 Qxa4 29. Ra1 Qe8 30. Qd4 f5 31. Rxa7 Rf7 32. Qd5
fxe4 33. Ra8 Qxa8 34. Qxa8+ Rf8 35. Qxe4 {Black resigns} 1-0

[Event "ICC tourney 2148 (70 10)"]
[Site "Internet Chess Club"]
[Date "2020.11.22"]
[Round "6"]
[White "DavidFantin"]
[Black "Phoenix25"]
[Result "0-1"]
[ICCResult "White resigns"]
[WhiteElo "1039"]
[BlackElo "395"]
[Opening "English: Carls' Bremen system"]
[ECO "A22"]
[NIC "EO.10"]
[Time "19:31:15"]
[TimeControl "4200+10"]

1. c4 e5 2. Nc3 Nf6 3. g3 Nc6 4. Bg2 Bc5 5. d3 O-O 6. Nf3 d6 7. Bd2 Bg4 8.
Qc1 Re8 9. Bg5 Bf5 10. Nh4 Be6 11. Nd5 Bxd5 12. Bxd5 Nd4 13. O-O Nxe2+ 14.
Kh1 Nxc1 15. Raxc1 Qc8 16. Nf3 c6 17. Be4 Qd7 18. h3 Qxh3+ 19. Nh2 Ng4
{White resigns}
0-1

[Event "ICC tourney 2148 (70 10)"]
[Site "Internet Chess Club"]
[Date "2020.11.22"]
[Round "6"]
[White "mohitmukkollu"]
[Black "SimonDeng"]
[Result "1-0"]
[ICCResult "Black resigns"]
[WhiteElo "1230"]
[BlackElo "1092"]
[Opening "French: exchange variation"]
[ECO "C01"]
[NIC "FR.01"]
[Time "19:32:10"]
[TimeControl "4200+10"]

1. e4 e6 2. d4 d5 3. exd5 exd5 4. c4 Nf6 5. Nc3 c6 6. Nf3 Bb4 7. Bd2 O-O 8.
Be2 Bxc3 9. Bxc3 Ne4 10. Qc2 Re8 11. O-O Bf5 12. Bd3 Bg6 13. Rfe1 Nd7 14.
cxd5 cxd5 15. Bb5 Nxc3 16. Rxe8+ Qxe8 17. Qxc3 Rc8 18. Qb3 Qd8 19. Qxd5 Nb6
20. Qxb7 Rc7 21. Qa6 Qc8 22. Re1 h6 23. Re8+ Qxe8 24. Bxe8 Rc1+ 25. Qf1
Rxf1+ 26. Kxf1 Bd3+ 27. Ke1 Be4 28. Ke2 a6 29. Ke3 Bb7 30. Ne5 Kf8 31. Bxf7
Nc4+ 32. Nxc4 Kxf7 33. Nd6+ {Black resigns} 1-0

[Event "ICC tourney 2148 (70 10)"]
[Site "Internet Chess Club"]
[Date "2020.11.22"]
[Round "6"]
[White "addisenapl"]
[Black "Ojas2020"]
[Result "0-1"]
[ICCResult "White checkmated"]
[WhiteElo "786"]
[BlackElo "936"]
[Opening "Ponziani: Jaenisch counter-attack"]
[ECO "C44"]
[NIC "KP.05"]
[Time "19:31:34"]
[TimeControl "4200+10"]

1. e4 e5 2. Nf3 Nc6 3. c3 Nf6 4. d3 Bc5 5. Be3 Bb6 6. Na3 O-O 7. Be2 h6 8.
O-O d6 9. Nc4 Be6 10. Nxb6 axb6 11. d4 exd4 12. cxd4 d5 13. Ne5 dxe4 14.
Nxc6 bxc6 15. f3 exf3 16. Bxf3 Bd5 17. Qd3 Bxf3 18. Rxf3 Nd5 19. Raf1 Rxa2
20. Rh3 Nxe3 21. Qxe3 Re8 22. Qg3 Qxd4+ 23. Kh1 Qxb2 24. Rf2 Re1+ 25. Rf1
Rxf1# {White checkmated} 0-1

[Event "ICC tourney 2148 (70 10)"]
[Site "Internet Chess Club"]
[Date "2020.11.22"]
[Round "6"]
[White "siddham"]
[Black "Outschoorn"]
[Result "0-1"]
[ICCResult "White resigns"]
[WhiteElo "667"]
[BlackElo "1164"]
[Opening "Queen's pawn, Mason variation"]
[ECO "D00"]
[NIC "QP.08"]
[Time "19:31:29"]
[TimeControl "4200+10"]

1. d4 d5 2. Bf4 e6 3. Nf3 h6 4. e3 Bd6 5. Bxd6 Qxd6 6. Nbd2 Nf6 7. c3 O-O 8.
Bd3 Nc6 9. O-O e5 10. Qc2 e4 11. Bxe4 dxe4 12. Nxe4 Nxe4 13. Qxe4 Qg6 14.
Qxg6 fxg6 15. e4 Bg4 16. Nd2 Ne7 17. h3 Be2 18. Rfe1 Ba6 19. a4 c6 20. e5
Nd5 21. Nf3 Nf4 22. b4 Nxh3+ 23. Kh2 Nxf2 24. Rab1 Rae8 25. b5 cxb5 26. axb5
Bxb5 27. Rxb5 b6 28. e6 Nd3 29. Re3 Nf4 30. d5 Rf5 31. c4 Re7 32. d6 Rxe6
33. d7 Rxe3 34. d8=Q+ Kh7 35. Rxf5 gxf5 36. Qd4 Re4 37. Qa1 Rxc4 38. Qxa7
Rc2 39. Nh4 b5 40. Nxf5 Rxg2+ 41. Kh1 Rg5 42. Nd6 b4 43. Qd4 Rh5+ 44. Kg1
Ne2+ {White resigns} 0-1

[Event "ICC tourney 2148 (70 10)"]
[Site "Internet Chess Club"]
[Date "2020.11.22"]
[Round "6"]
[White "RomirIsCool"]
[Black "akhilv"]
[Result "1-0"]
[ICCResult "Black resigns"]
[WhiteElo "162"]
[BlackElo "934"]
[Opening "Sicilian: Najdorf, Byrne (English) attack"]
[ECO "B90"]
[NIC "SI.14"]
[Time "19:31:50"]
[TimeControl "4200+10"]

1. e4 c5 2. Nf3 d6 3. d4 cxd4 4. Nxd4 Nf6 5. Nc3 a6 6. Be3 e5 7. Nf3 Be7 8.
Bc4 Nc6 9. O-O O-O 10. Re1 Bg4 11. Bg5 Nd4 12. b3 Nxf3+ 13. gxf3 Bh3 14. f4
Qa5 15. Na4 b5 16. f5 bxc4 17. Bxf6 Bxf6 18. Qf3 d5 19. Qxh3 dxe4 20. Rxe4
cxb3 21. cxb3 Qc3 22. Qxc3 {Black resigns} 1-0

[Event "ICC tourney 2148 (70 10)"]
[Site "Internet Chess Club"]
[Date "2020.11.22"]
[Round "6"]
[White "saharsh2"]
[Black "MegaSprout"]
[Result "1-0"]
[ICCResult "Black resigns"]
[WhiteElo "1118"]
[BlackElo "1031"]
[Opening "Sicilian: Nimzovich-Rossolimo attack (without ...d6)"]
[ECO "B30"]
[NIC "SI.31"]
[Time "19:31:28"]
[TimeControl "4200+10"]

1. e4 c5 2. Nf3 Nc6 3. Bb5 d6 4. O-O a6 5. Bxc6+ bxc6 6. Re1 e5 7. b3 Nf6 8.
Bb2 Be7 9. d3 O-O 10. Nbd2 Bg4 11. h3 Bxf3 12. Nxf3 Nd7 13. c3 Nb6 14. d4
cxd4 15. cxd4 f6 16. dxe5 fxe5 17. Rc1 c5 18. Qc2 Bg5 19. Rcd1 Bf4 20. Bxe5
Bxe5 21. Nxe5 Nc8 22. Nf3 Ra7 23. Qc4+ Kh8 24. Rd2 Nb6 25. Qc3 Nc8 26. Red1
Qe7 27. Qd3 a5 28. e5 Rd7 29. h4 h6 30. Re1 Qe6 31. exd6 Qxd6 32. Qxd6 Nxd6
33. Red1 Rf6 34. Ne5 {Black resigns} 1-0

[Event "ICC tourney 2148 (70 10)"]
[Site "Internet Chess Club"]
[Date "2020.11.22"]
[Round "6"]
[White "AtharvRB"]
[Black "dancingmoose3"]
[Result "1-0"]
[ICCResult "Black resigns"]
[WhiteElo "260"]
[BlackElo "841"]
[Opening "King's Indian: London system"]
[ECO "A48"]
[NIC "QP.06"]
[Time "19:31:36"]
[TimeControl "4200+10"]

1. d4 Nf6 2. Nf3 g6 3. Bf4 d6 4. Nc3 Bg7 5. e4 O-O 6. Qd2 c5 7. O-O-O cxd4
8. Qxd4 Nc6 9. Qd2 Bg4 10. h3 Bxf3 11. gxf3 Rc8 12. Bh6 Ne5 13. Bxg7 Kxg7
14. Be2 Qb6 15. b3 Qxf2 16. Rhf1 Qc5 17. Kb2 a6 18. f4 Nc6 19. Bf3 e5 20.
Qxd6 Qxd6 21. Rxd6 exf4 22. e5 Nxe5 23. Bxb7 Rc7 24. Bxa6 f3 25. Rxf6 Kxf6
26. Nd5+ Kg5 27. Nxc7 Kh4 28. Rh1 Kg3 29. Bf1 f2 30. Nd5 Rd8 31. Nf6 h5 32.
Ne4+ Kf3 33. Nc3 Kg3 34. a3 Nf3 35. Ne4+ Kf4 36. Nxf2 Ke3 37. Nd3 Nd4 38. a4
Rc8 39. c3 Nf5 40. b4 Ng3 41. Rg1 Nxf1 42. Rxf1 Kxd3 43. Rc1 Kc4 44. Ka3 g5
45. a5 Kb5 46. c4+ Ka6 47. Ka4 g4 48. b5+ Ka7 49. b6+ Ka6 50. hxg4 hxg4 51.
Kb4 f5 52. Rf1 Rf8 53. c5 f4 54. c6 g3 55. Rf3 g2 56. c7 g1=Q 57. Rc3 Qd4+
58. Kb3 Kxa5 59. c8=Q Rxc8 60. Rxc8 Qxb6+ 61. Kc3 Qe3+ 62. Kc4 f3 63. Ra8+
Qa7 64. Rxa7+ Kb6 65. Rf7 {Black resigns} 1-0

[Event "ICC tourney 2148 (70 10)"]
[Site "Internet Chess Club"]
[Date "2020.11.22"]
[Round "6"]
[White "swathivjdp"]
[Black "GregMA"]
[Result "1-0"]
[ICCResult "Black resigns"]
[WhiteElo "157"]
[BlackElo "1067"]
[Opening "Caro-Kann defense"]
[ECO "B10"]
[NIC "CK.01"]
[Time "19:31:33"]
[TimeControl "4200+10"]

1. e4 c6 2. Nf3 d5 3. exd5 cxd5 4. d4 Nf6 5. Nc3 Bf5 6. Bf4 a6 7. Bd3 Bxd3
8. Qxd3 Nc6 9. O-O e6 10. Rfe1 Be7 11. a3 O-O 12. h3 b5 13. Re3 Bd6 14. Bxd6
Qxd6 15. Rae1 Rae8 16. Ne5 Nd7 17. Nxd7 Qxd7 18. Rg3 Qa7 19. Rg4 Ne7 20. Re5
Ng6 21. Reg5 h6 22. Rh5 Qc7 23. Qf3 Qd6 24. Ne2 e5 25. Qg3 Qf6 26. dxe5 Rxe5
27. Rxg6 Qxg6 28. Qxg6 Rxe2 29. Qg4 Rxc2 30. Rxh6 Rxb2 31. Rxa6 Rd8 32. Qd4
Rb1+ 33. Kh2 Rc1 34. Ra7 Rc4 35. Qb6 Rcc8 36. Qxb5 d4 37. Qf5 Rf8 38. Rxf7
Rcd8 39. Rxf8+ Rxf8 40. Qd5+ Kh7 41. Qxd4 {Black resigns} 1-0

[Event "ICC tourney 2148 (70 10)"]
[Site "Internet Chess Club"]
[Date "2020.11.22"]
[Round "6"]
[White "shalinblitz"]
[Black "AlanLeung"]
[Result "1-0"]
[ICCResult "Black resigns"]
[WhiteElo "1212"]
[BlackElo "907"]
[Opening "Giuoco Piano"]
[ECO "C54"]
[NIC "IG.02"]
[Time "19:31:24"]
[TimeControl "4200+10"]

1. e4 e5 2. Nf3 Nc6 3. Bc4 Bc5 4. c3 Nf6 5. d4 exd4 6. e5 Ng4 7. cxd4 Bb4+
8. Nc3 d5 9. exd6 Bxd6 10. O-O O-O 11. h3 Nf6 12. Bg5 Be7 13. Qd2 Nd7 14.
Rfe1 Bxg5 15. Nxg5 Nf6 16. Rad1 h6 17. Nge4 Bf5 18. Nxf6+ Qxf6 19. Nd5 Qd6
20. b4 Be6 21. Ne3 Bxc4 22. Nxc4 Qxb4 23. Qxb4 Nxb4 24. a3 Nd5 25. Ne3 Nf6
26. d5 Rfd8 27. Re2 Rd7 28. Nf5 Rxd5 29. Ne7+ Kf8 30. Nxd5 Nxd5 31. Rxd5 c6
32. Rd7 Rb8 33. Ree7 {Black resigns} 1-0

[Event "ICC tourney 2148 (70 10)"]
[Site "Internet Chess Club"]
[Date "2020.11.22"]
[Round "6"]
[White "vivekanand"]
[Black "Jaguar-92"]
[Result "0-1"]
[ICCResult "White checkmated"]
[WhiteElo "375"]
[BlackElo "1064"]
[Opening "Sicilian defense"]
[ECO "B34"]
[NIC "SI.33"]
[Time "19:31:14"]
[TimeControl "4200+10"]

1. e4 c5 2. Nf3 Nc6 3. d4 cxd4 4. Nxd4 g6 5. Be3 Bg7 6. Nc3 d6 7. Bc4 Nf6 8.
Bb5 Bd7 9. Qf3 O-O 10. O-O-O Bg4 11. Qg3 Bxd1 12. Rxd1 Rc8 13. e5 Nxe5 14.
Bf4 Nh5 15. Qe3 Nxf4 16. Qxf4 Nc4 17. Nde2 Nb6 18. Nb1 Qc7 19. Bd3 Nc4 20.
c3 d5 21. Nd2 Qxf4 22. Bxc4 Qd6 23. Bb3 Bh6 24. Kb1 Bxd2 25. Rxd2 Qxh2 26.
Nd4 e5 27. Nf3 Qxg2 28. Nxe5 Qe4+ 29. Nd3 Rfe8 30. Kc2 Qf3 31. Nc1 Qf5+ 32.
Nd3 Re7 33. Kc1 d4 34. Kc2 dxc3 35. bxc3 Rd7 36. Ba4 Rxd3 37. Rxd3 Rd8 38.
Bb5 Rxd3 39. Bxd3 Qxf2+ 40. Kb3 h5 41. Bc4 h4 42. Bd5 h3 43. c4 h2 44. Kb4
Qg1 45. a3 h1=Q 46. Bxh1 Qxh1 47. a4 Qc6 48. Kc3 g5 49. Kd2 Qe6 50. Kd3 g4
51. Kd4 g3 52. Kc5 g2 53. Kb4 g1=Q 54. Kb3 Qg2 55. Kb4 Qg3 56. Kb5 Qb6#
{White checkmated}
0-1

[Event "ICC tourney 2148 (70 10)"]
[Site "Internet Chess Club"]
[Date "2020.11.22"]
[Round "6"]
[White "coreenjansen"]
[Black "redcloudatlas"]
[Result "0-1"]
[ICCResult "White checkmated"]
[WhiteElo "339"]
[BlackElo "101"]
[Opening "Four knights game"]
[ECO "C47"]
[NIC "KP.06"]
[Time "19:31:43"]
[TimeControl "4200+10"]

1. e4 e5 2. Nf3 Nc6 3. Nc3 Nf6 4. Bd3 d6 5. Bc4 Nd4 6. Ng5 Bg4 7. Nxf7 Bxd1
8. Nxd8 Rxd8 9. Nxd1 Nxe4 10. O-O Nxc2 11. Rb1 Nd4 12. d3 Nc5 13. Bg5 Be7
14. Re1 Bxg5 15. f4 Bxf4 16. Rf1 Bg5 17. Bf7+ Ke7 18. Nc3 Be3+ 19. Kh1 c6
20. Rbe1 Bd2 21. Nd5+ cxd5 22. Rd1 Bf4 23. Bxd5 Rhf8 24. b4 Nd7 25. Bxb7 Nf6
26. g3 Be3 27. Rde1 Bd2 28. Rd1 Bxb4 29. Ba6 Ng4 30. Rxf8 Rxf8 31. h3 Nf2+
32. Kg2 Nxd1 33. h4 Rf2+ 34. Kh3 h5 35. g4 hxg4+ 36. Kxg4 Rg2+ 37. Kh5 Kf6
38. Bc8 g6+ 39. Kh6 g5 40. h5 Kf7 41. Kh7 Rh2 42. h6 g4 43. Bxg4 Ne3 44. Bd7
Nd5 45. Kh8 Rxh6# {White checkmated} 0-1

[Event "ICC tourney 2148 (70 10)"]
[Site "Internet Chess Club"]
[Date "2020.11.22"]
[Round "6"]
[White "Purpleshenice"]
[Black "mytoyoweta"]
[Result "0-1"]
[ICCResult "White checkmated"]
[WhiteElo "807"]
[BlackElo "1130"]
[Opening "Caro-Kann: classical variation"]
[ECO "B18"]
[NIC "CK.10"]
[Time "19:31:47"]
[TimeControl "4200+10"]

1. d4 d5 2. Nc3 c6 3. e4 dxe4 4. Nxe4 Bf5 5. Bd3 Bxe4 6. Bxe4 Nf6 7. Bf3 g6
8. Be3 Bg7 9. Ne2 O-O 10. O-O Nbd7 11. d5 Ne5 12. Bd4 Nxf3+ 13. gxf3 cxd5
14. Ng3 e6 15. Kh1 b6 16. Rg1 Kh8 17. f4 Ne8 18. Nh5 f6 19. Nxg7 Nxg7 20.
Qg4 Nf5 21. c3 Nxd4 22. cxd4 f5 23. Qg2 Qf6 24. Rad1 Rac8 25. Rd2 Rc4 26. f3
Rxd4 27. Rxd4 Qxd4 28. h4 Qxf4 29. h5 Qh4+ 30. Qh2 Qxh5 31. Rg2 Qxh2+ 32.
Rxh2 Rc8 33. Re2 Rc6 34. b3 Kg7 35. Kg2 Kf6 36. Kg3 g5 37. f4 Rc3+ 38. Kf2
g4 39. Kg2 h5 40. Kf2 h4 41. Kg2 d4 42. Rd2 d3 43. b4 Rc2 44. Rxc2 dxc2 45.
a4 c1=Q 46. a5 Qb2+ 47. Kf1 h3 48. axb6 axb6 49. Kg1 Qg2# {White checkmated}
0-1